 Dungeon Crawl Stone Soup version 0.21.1-1-g345015f (webtiles) character file.

115 Monsterracer the Conjurer (level 4, -11/24 HPs)
             Began as a Deep Elf Wizard on May 10, 2018.
             Killed by nerve-wracking pain
             ... invoked by an orc priest
              (13 damage)
             ... on level 4 of the Dungeon.
             The game lasted 00:02:21 (3497 turns).

Monsterracer the Conjurer (Deep Elf Wizard)         Turns: 3497, Time: 00:02:21

Health: -11/24     AC:  4    Str:  4    XL:     4   Next: 68%
Magic:  12/12      EV: 13    Int: 24    God:
Gold:   126        SH:  0    Dex: 13    Spells: 2/11 levels left

rFire    . . .     SeeInvis .   s - +0 spear
rCold    . . .     Gourm    .   (no shield)
rNeg     . . .     Faith    .   a - +0 robe
rPois    .         Spirit   .   b - +0 hat
rElec    .         Reflect  .   (no cloak)
rCorr    .         Harm     .   g - +1 pair of gloves
MR       .....                  (no boots)
Stlth    ++........             (no amulet)
HPRegen  0.08/turn              (no ring)
MPRegen  0.13/turn              (no ring)

@: no status effects
A: no striking features
a: no special abilities


You were on level 4 of the Dungeon.
You were not hungry.

You visited 1 branch of the dungeon, and saw 4 of its levels.

You collected 126 gold pieces.

Inventory:

Hand Weapons
 s - a +0 spear (weapon)
Armour
 a - a +0 robe (worn)
 b - a +0 hat (worn)
 g - a +1 pair of gloves (worn)
Scrolls
 i - 3 scrolls of remove curse
 n - a scroll of magic mapping {unknown}
 p - a scroll of enchant armour {unknown}
 r - a scroll of blinking {unknown}
Potions
 d - 2 potions of mutation {!q}
 f - a potion of degeneration {unknown}
 h - a potion of magic {unknown}
 l - a potion of lignification {unknown}
 o - a potion of haste {unknown}
 q - a potion of heal wounds {unknown}
 u - a potion of brilliance {unknown}
Comestibles
 c - 9 rations


   Skills:
 - Level 2.4 Dodging
 - Level 2.4 Stealth
 - Level 4.4 Spellcasting
 * Level 4.7 Conjurations
   Level 1.1 Summonings
 - Level 1.1 Translocations
 + Level 1.5 Fire Magic


You had 2 spell levels left.
You knew the following spells:

 Your Spells              Type           Power        Failure   Level  Hunger
a - Magic Dart            Conj           ####         1%          1    None
b - Conjure Flame         Conj/Fire      ###.....     8%          3    ##.....
c - Mephitic Cloud        Conj/Pois/Air  ##......     14%         3    ##.....
e - Blink                 Tloc           N/A          9%          2    None


Dungeon Overview and Level Annotations

Branches:
Dungeon (4/15)
 Temple: D:4-7

Altars:
Makhleb
Nemelex Xobeh

Annotations:
D:4 Pikel


Message History

Found a robe.
Found a stone staircase leading down.
Health restored: 24; MP restored: 12 You see here a robe.
All of the chunks of flesh in your inventory have rotted away.
You open the door.
There is an open door here.
You open the door.
There is an open door here.
As you open the door, it creaks loudly!
There is an open door here.
A quokka comes into view.
Found 13 gold pieces.
A quokka is nearby!
Casting: Magic Dart
Confirm with . or Enter, or press ? or * to list all spells.
Aiming: Magic Dart
Press: ? - help, Shift-Dir - straight line, f - quokka
Aim: a quokka (resting)
The magic dart hits the quokka.
The quokka is severely wounded.
You now have 11/12 mp.
Casting: Magic Dart
Confirm with . or Enter, or press ? or * to list all spells.
Aiming: Magic Dart
Press: ? - help, Shift-Dir - straight line, f/p - quokka
Aim: a quokka (severely wounded)
The magic dart hits the quokka.
You kill the quokka!
You now have 10/12 mp.
Casting: Magic Dart
Confirm with . or Enter, or press ? or * to list all spells.
You can't see any susceptible monsters within range! (Use Z to cast anyway.) Unknown command.
You see here a quokka corpse.
You now have 126 gold pieces (gained 13).
Found a stone staircase leading up.
MP restored: 12 You are feeling hungry.
You butcher the quokka corpse.
t - a chunk of flesh Eating a chunk of flesh.
You eat the chunk of flesh.
This raw flesh tastes terrible.
Done exploring.
Done exploring.
Done exploring.
There is an escape hatch in the ceiling here.
There is an escape hatch in the floor here.
Really go through this one-way escape hatch?
There is a stone staircase leading down here.
You climb downwards.
There is a stone staircase leading up here.
As you read the scroll labeled IJAELI ESHRE, it crumbles to dust.
You feel as if something is helping you.
It was a scroll of remove curse.
Unknown command.
As you read the scroll labeled LAXKEXALAM, it crumbles to dust.
The air around you briefly surges with heat, but it dissipates.
It was a scroll of immolation.
Unknown command.
As you read the scroll labeled OGRORYM HAUBLAKH, it crumbles to dust.
You feel strangely unstable.
It was a scroll of teleportation.
Drop what? 19/52 slots (_ for help) (? for menu, Esc to quit)
You drop a scroll of immolation {!r}.
As you read the scroll labeled PEHUM TAYBLYBLEINY, it crumbles to dust.
It is a scroll of identify.
d - 2 potions of mutation Your surroundings suddenly seem different.
A slave comes into view.
The slave shouts!
A slave comes into view.
The slave shouts!
An orc comes into view. It is wielding a dagger.
The orc shouts!
You hear a shout!
Found 19 stones, a brown potion, a mace and a scroll of teleportation.
Found two stone staircases leading down.
An orc, 2 orc priests and Pikel come into view.
Pikel is wielding a whip of electrocution.
As you read the scroll labeled MAVIDI BAQOSTRO, it crumbles to dust.
You hear a loud clanging noise!
It was a scroll of noise.
The orc priest shouts! x2; The orc shouts!
You hear a shout! x4
You hear an angry hiss.
You hear a shout!
You hear an angry hiss.
You hear a shout!
You hear a howl!
You hear a shout! x2
The orc priest calls down the wrath of Beogh upon you.
Beogh smites you!
You take 10 damage, and have 14/24 hp.
MASSIVE DAMAGE!!
The orc priest calls down the wrath of Beogh upon you.
Beogh smites you!
Ouch! That really hurt!
* * * LOW HITPOINT WARNING * * *
You take 12 damage, and have 2/24 hp.
MASSIVE DAMAGE!!
Pikel zaps a wand.
You hear a grinding noise.
It is a wand of digging (11). 2 slaves come into view.
The slave moves out of view.
The orc priest invokes the aid of Beogh against you.
Pain shoots through your body!
Ouch! That really hurt!
You die...

... #.. ##.# ...
.#.# ..## ....#
##>.##..p.#.
##.......K...
##....>.#.....
###....@.pp.....
................
##.!.......o....
#........o.....
#...........(..
#........)oo...
#..............
##...........?.
##.....##.....


You could see Pikel, 3 slaves, 2 orc priests and 2 orcs.

Vanquished Creatures
  Terence (D:3)
  2 adders (D:3)
  2 oozes
  An adder skeleton (D:2)
  2 worms
  2 leopard geckos
  An orc (D:3)
  2 ball pythons (D:3)
  7 giant cockroaches
  2 goblins
  7 hobgoblins
  7 kobolds
  A quokka (D:3)
  6 bats
  4 frilled lizards
  4 rats (D:1)
51 creatures vanquished.

Notes
Turn   | Place    | Note
-------+----------+-------------------------------------------
     0 | D:1      | Monsterracer the Deep Elf Wizard began the quest for the Orb.
     0 | D:1      | Reached XP level 1. HP: 10/10 MP: 7/7
    93 | D:1      | HP: 5/10 [giant cockroach (1)]
   107 | D:1      | HP: 3/10 [giant cockroach (1)]
   469 | D:1      | Reached XP level 2. HP: 15/15 MP: 6/9
  1045 | D:1      | Reached XP level 3. HP: 19/19 MP: 5/10
  1100 | D:1      | Learned a level 2 spell: Blink
  1104 | D:1      | Learned a level 3 spell: Conjure Flame
  1108 | D:1      | Learned a level 3 spell: Mephitic Cloud
  2064 | D:2      | Found a sparkling altar of Nemelex Xobeh.
  2104 | D:2      | Found a burning altar of Makhleb.
  2530 | D:3      | Reached skill level 1 in Fire Magic
  2530 | D:3      | Reached XP level 4. HP: 22/24 MP: 7/12
  2588 | D:3      | Noticed Terence
  2622 | D:3      | Killed Terence
  3493 | D:4      | Noticed a slave
  3493 | D:4      | Noticed a slave
  3494 | D:4      | Noticed Pikel
  3495 | D:4      | HP: 2/24 [orc priest/divine providence (12)]
  3497 | D:4      | Noticed a slave
  3497 | D:4      | Noticed a slave
  3497 | D:4      | Killed from afar by an orc priest

Skill      XL: |  1  2  3 |
---------------+----------+-----
Conjurations   | 2 3 4 |  4.7
Fire Magic     | 1 |  1.5
Dodging        | |  2.4
Stealth        | |  2.4
Spellcasting   | |  4.4
Summonings     | |  1.1
Translocations | |  1.1

Action                   |  1- 3 |  4- 6 || total
-------------------------+-------+-------++-------
Melee: Dagger            |    18 |       ||    18
       Spear             |       |    13 ||    13
 Cast: Magic Dart        |   105 |    20 ||   125
       Conjure Flame     |       |     1 ||     1
       Mephitic Cloud    |       |     1 ||     1
  Use: Scroll            |       |     5 ||     5
  Eat: Chunk             |     5 |     3 ||     8
Armor: Robe              |     9 |     4 ||    13
Dodge: Dodged            |    21 |     8 ||    29

Vault maps used:
D:1:      lemuel_arrival_broad_hall
D:2:      bloody_makhleb, first_ration, nemelex_spade_bored_becter
D:3:      minmay_misc_feat_four_crosses, uniq_terence
D:4:      uniq_duvessa, uniq_pikel
